 Dungeon Crawl Stone Soup version 0.18-a0-1577-gf591c28 (webtiles) character file.

1038 M4edhros the Covert (level 8, -1/48 HPs)
             Began as an Octopode Artificer on Mar 24, 2016.
             Slain by an ogre
             ... wielding a +0 giant spiked club
              (26 damage)
             ... on level 6 of the Dungeon.
             The game lasted 00:11:57 (9712 turns).

M4edhros the Covert (Octopode Artificer)            Turns: 9712, Time: 00:11:57

Health: -1/48      AC:  3    Str: 10    XL:     8   Next: 24%
Magic:  10/10      EV: 15    Int: 19    God:    Xom [..*...]
Gold:   292        SH:  0    Dex: 17    Spells: 1 memorised, 5 levels left

rFire  . . .     SeeInvis .     q - +1 dagger (elec)
rCold  . . .     Gourm    .     (no shield)
rNeg   . . .     Faith    .     (helmet restricted)
rPois  .         Spirit   .     (no amulet)
rElec  .         Dismiss  .     x - +2 ring of protection
rCorr  .         Reflect  .     y - ring of wizardry
SustAt +         Harm     .     D - ring of sustain attributes
MR     .....                    (no ring)
Stlth  ++++++....               (no ring)
                                (no ring)
                                (no ring)
                                (no ring)

@: brilliant, not resistant to hostile enchantments, very stealthy
A: almost no armour, amphibious, 8 rings, constrict 8, camouflage 1, agile 1,
blurry vision 1, mutation resistance 1, wild magic 1, gelatinous body 1
a: Renounce Religion


You were on level 6 of the Dungeon.
You worshipped Xom.
You were a toy of Xom.
You were very hungry.

You visited 2 branches of the dungeon, and saw 8 of its levels.

You collected 292 gold pieces.

Inventory:

Hand Weapons
 m - a +0 spear
 q - a +1 dagger of electrocution (weapon)
 G - the +1 hunting sling of World's End {velocity, rN+ Str+2 Dex-3}
   (You found it on level 5 of the Dungeon)

   Any stone fired from it inflicts extra damage.
   It affects your strength (+2).
   It affects your dexterity (-3).
   It protects you from negative energy.
Missiles
 e - 5 needles of confusion
 g - 206 stones (quivered)
 k - 98 sling bullets
 n - 5 javelins of penetration
 s - a throwing net
Magical Staves
 H - an uncursed staff of conjuration
Jewellery
 x - a +2 ring of protection (left tentacle)
 y - a ring of wizardry (right tentacle)
 D - a ring of sustain attributes (on tentacle)
 K - an uncursed ring of positive energy {unknown}
Wands
 b - a wand of flame (10/48)
 c - a wand of enslavement (12/24)
 d - a wand of random effects (44/48)
 v - a wand of confusion (25/48)
Scrolls
 a - 2 scrolls of recharging
 h - 2 scrolls of teleportation
 i - a scroll of immolation {unknown}
 j - 3 scrolls of fear
 l - a scroll of enchant weapon
 t - 6 scrolls of amnesia {unknown}
 w - 2 scrolls of enchant armour
 I - 2 scrolls of remove curse
 J - 2 scrolls of identify
Potions
 B - 2 potions of cancellation
 C - 2 potions of curing
 E - a potion of magic
Books
 o - a book of Burglary

   Spells                             Type                      Level
   a - Swiftness                      Charms/Air                   2
   b - Passwall                       Transmutation/Earth          2
   c - Passage of Golubria            Translocation                4
   d - Lee's Rapid Deconstruction     Earth                        5
   e - Darkness                       Hexes                        6
   f - Invisibility                   Hexes                        6
Comestibles
 f - a bread ration
 u - 2 meat rations
 z - 5 fruits


   Skills:
 - Level 1.0 Fighting
 - Level 1.0 Short Blades
 * Level 3.1 Slings
 + Level 5.2 Dodging
 * Level 10.2 Stealth
 - Level 3.2 Evocations


You had 5 spell levels left.
You knew the following spells:

 Your Spells              Type           Power        Failure   Level  Hunger
a - Swiftness             Chrm/Air       ###.....     6%          2    ###....


Dungeon Overview and Level Annotations

Branches:
Dungeon (7/15)             Temple (1/1) D:6

Altars:
Ashenzari
Cheibriados
Dithmenos
Elyvilon
Fedhas
Gozag
Kikubaaqudgha
Makhleb
Okawaru
Pakellas
Qazlal
Ru
Sif Muna
Trog
Vehumet
Xom
Yredelemnul
The Shining One

Annotations:
D:4 exclusion: door
D:7 MordorOrchid's ghost, novice TrWr


Innate Abilities, Weirdness & Mutations

You cannot wear most types of armour.
You are amphibious.
You can wear up to eight rings at the same time.
You can use your tentacles to constrict eight enemies at once.
Your skin changes colour to match your surroundings (Stealth).
Your rubbery body absorbs attacks (AC +1).
You are agile. (Dex +2)
Scrolls take you a little longer to read.
You are somewhat resistant to further mutation.
Your spells are a little harder to cast, but a little more powerful.


Message History

You are no longer poisoned.
An ogre comes into view. It is wielding a giant spiked club.
What do you say? t - Shout!
Orders for allies: a - Attack new target. r - Retreat! s - Stop attacking. w - Wait here. f - Follow me.
Anything else - Stay silent.
You shout for attention!
You are starving! "Go forth and cause havoc, mortal!"
You feel clever all of a sudden.
Eat which item? (? for menu, Esc to quit)
You are feeling very hungry.
That lychee was delicious!
The ogre completely misses you.
The ogre hits you with a giant spiked club!!
Ouch! That really hurt!
You die...
Xom snickers!

#......##.#####.######(#
#......##)....#.....##.#
#......######.#####.##.###
#.(..>...................####
#......######.###.#.##.#.#...
#......#................_..##
#...^..#..............'#.#...
########...O..........##.#.##
#....@.........##.O...
######'###.....###.#.#
########.###.....# #.#..
#.........##.....# #.##.
#.........##.##### #.##.
#.........##.# #.###
###############'###.#######.#
#
#...........................#
#
#.##############............#
#


You could see an ogre.

Vanquished Creatures
  A spriggan (shapeshifter) (D:6)
  3 giant frogs
  A gnoll sergeant (D:5)
  A scorpion (D:6)
  2 crimson imps (D:6)
  2 orc wizards (D:4)
  4 hounds
  4 worker ants
  9 gnolls
  A worker ant zombie (D:6)
  9 adders
  2 shadow imps
  An ooze (D:5)
  2 worms
  3 dart slugs
  5 giant geckos
  9 orcs
  4 giant cockroaches
  3 goblins
  5 hobgoblins
  6 jackals
  8 kobolds
  A quokka (D:6)
  2 bats
  A giant gecko skeleton (D:6)
  8 giant newts
  A quokka zombie (D:6)
  9 rats
  A spectral orc (D:5)
108 creatures vanquished.

Vanquished Creatures (collateral kills)
  2 gnolls (D:5)
2 creatures vanquished.

Vanquished Creatures (others)
  A gnoll sergeant (D:5)
1 creature vanquished.

Grand Total: 111 creatures vanquished

Notes
Turn   | Place    | Note
--------------------------------------------------------------
     0 | D:1      | M4edhros the Octopode Artificer began the quest for the Orb.
     0 | D:1      | Reached XP level 1. HP: 13/13 MP: 3/3
    51 | D:1      | Reached skill level 2 in Stealth
    64 | D:1      | Reached XP level 2. HP: 12/18 MP: 4/4
   253 | D:1      | Reached skill level 3 in Stealth
   408 | D:1      | Reached XP level 3. HP: 5/23 MP: 5/5
  1123 | D:2      | Found a glowing golden altar of the Shining One.
  1141 | D:2      | Reached skill level 4 in Stealth
  1425 | D:2      | Found a stormy altar of Qazlal.
  1638 | D:2      | Reached XP level 4. HP: 23/28 MP: 6/6
  2474 | D:3      | Reached skill level 5 in Stealth
  2797 | D:3      | Reached XP level 5. HP: 33/33 MP: 7/7
  2820 | D:4      | Reached skill level 6 in Stealth
  3054 | D:4      | Noticed an ice beast
  3289 | D:4      | Reached XP level 6. HP: 23/38 MP: 8/8
  3290 | D:4      | Reached skill level 7 in Stealth
  3327 | D:4      | Found an iron altar of Okawaru.
  3427 | D:4      | Found a bloodstained altar of Trog.
  3579 | D:4      | Learned a level 2 spell: Swiftness
  3601 | D:5      | Entered Level 5 of the Dungeon
  3694 | D:5      | Got a steaming hunting sling
  3695 | D:5      | Identified the +1 hunting sling of World's End {velocity, rN+ Str+2 Dex-3} (You found it on level 5 of the Dungeon)
  3966 | D:5      | Reached skill level 8 in Stealth
  4057 | D:5      | Reached XP level 7. HP: 35/43 MP: 9/9
  4297 | D:5      | Found a basalt altar of Yredelemnul.
  4446 | D:5      | Reached skill level 9 in Stealth
  4462 | D:5      | You fall through a shaft for 2 floors!
  4469 | D:7      | Noticed MordorOrchid's ghost (novice TrWr)
  4506 | D:6      | Found a staircase to the Ecumenical Temple.
  4645 | Temple   | Entered the Ecumenical Temple
  4716 | Temple   | Became a worshipper of Xom of Chaos
  4764 | D:7      | XOM: harmless Conj miscast
  4774 | D:7      | XOM: harmless Fire miscast
  4795 | D:7      | XOM: potion effect (berserk rage)
  4798 | D:7      | XOM: potion effect (agility)
  4834 | D:7      | XOM: butterfly on damage
  5042 | D:6      | XOM is BORED!
  5042 | D:6      | XOM: harmless Summ miscast
  5063 | D:7      | XOM: harmless Conj miscast
  5179 | Temple   | XOM: give mutation
  5179 | Temple   | Gained mutation: You are agile. (Dex +2) [Xom's grace]
  5259 | Temple   | XOM: god gift: 3 javelins of penetration
  5357 | Temple   | XOM: divination: magic mapping
  5411 | Temple   | XOM: vitrification
  5837 | Temple   | XOM: 2-stop teleportation journey
  6122 | Temple   | XOM is BORED!
  6122 | Temple   | XOM: summons 3 hostile demons
  6308 | Temple   | XOM: scenery: create altars
  6394 | Temple   | XOM: 3-stop teleportation journey
  6739 | Temple   | XOM: vitrification
  6952 | D:6      | Reached skill level 1 in Slings
  7090 | D:6      | Found a sacrificial altar of Ru.
  7140 | D:6      | XOM: give mutation
  7140 | D:6      | Gained mutation: Scrolls take you a little longer to read. [Xom's mischief]
  7268 | D:6      | XOM: noise
  7413 | D:6      | Reached skill level 5 in Dodging
  7719 | D:6      | XOM: harmless Chrm miscast
  7729 | D:6      | XOM: enchant monster (good)
  7840 | D:6      | XOM: enchant monster (bad)
  7959 | D:6      | Reached XP level 8. HP: 34/48 MP: 10/10
  8008 | D:7      | XOM: enchant monster (bad)
  8015 | D:7      | Reached skill level 10 in Stealth
  8019 | D:7      | XOM: god gift: 14 gold pieces
  8195 | Temple   | XOM: 2-stop teleportation journey
  8234 | Temple   | XOM: cast spell 'Ice Form'
  8770 | D:6      | XOM: confusion
  8777 | D:6      | Noticed a two-headed ogre
  8777 | D:6      | an ice beast changed into a two-headed ogre
  8777 | D:6      | XOM: polymorph ice beast -> two-headed ogre
  8784 | D:6      | Noticed a yaktaur
  8786 | D:6      | XOM: confusion
  8787 | D:6      | Noticed a tarantella
  8787 | D:6      | a yaktaur changed into a tarantella
  8791 | D:6      | Noticed a moth of wrath
  8791 | D:6      | a tarantella changed into a moth of wrath
  8793 | D:6      | Noticed a komodo dragon
  8793 | D:6      | a moth of wrath changed into a komodo dragon
  8794 | D:6      | XOM: destruction
  8798 | D:6      | Noticed a spriggan
  8798 | D:6      | a komodo dragon changed into a spriggan
  8802 | D:6      | Killed a spriggan
  8806 | D:6      | Gained mutation: Your spells are a little harder to cast, but a little more powerful. [mutagenic meat]
  8807 | D:6      | Gained mutation: You are somewhat resistant to further mutation. [mutagenic meat]
  9250 | D:6      | XOM: silly message
  9292 | D:6      | XOM: confusion (+ monsters)
  9357 | D:6      | XOM: noise
  9487 | D:6      | XOM: enchant monster (bad)
  9532 | D:6      | XOM: confuse monster(s)
  9534 | D:6      | XOM: confusion (+ monsters)
  9623 | D:6      | XOM: harmless Erth miscast
  9631 | D:6      | XOM: mild Necr miscast
  9639 | D:6      | XOM: noise
  9705 | D:6      | XOM: potion effect (brilliance)
  9712 | D:6      | Slain by an ogre

Vault maps used:
D:1:      minmay_arrival_five_plusses
D:2:      nicolae_overflow_hidden_temple, nicolae_overflow_crystal_walls,
          first_bread, nrook_mini_backslash
D:3:      corexii_item_surrounded_by_moat
D:4:      minmay_opposing_rooms, okawaru_gym_becter, kennysheep_mini_moat,
          solitary_fountain, dk_noncrumbling_3, grunt_ministairs_3,
          minmay_misc_feat_more_columns
D:5:      yredelemnul_forgotten_temple_becter, zin_academy, cheibrodos_gnoll_hut
D:6:      lemuel_crystal_altar
Temple:   oiseaux_autumnal_temple_12

Skill      XL: |  1  2  3  4  5  6  7  8 |
---------------+-------------------------+-----
Stealth        | 2 3 4 5 6 8 9 10 | 10.2
Dodging        | 3 4 5 |  5.2
Slings         | 2 3 |  3.1
Fighting       | |  1.0
Short Blades   | |  1.0
Evocations     | |  3.2

Action                   |  1- 3 |  4- 6 |  7- 9 || total
-------------------------+-------+-------+-------++-------
Melee: Short sword       |    26 |       |       ||    26
       Spear             |    62 |    10 |       ||    72
       Dagger            |       |    91 |    75 ||   166
 Fire: Hunting sling     |       |       |     2 ||     2
Evoke: Wand              |     2 |     7 |     4 ||    13
  Use: Potion            |     1 |       |     6 ||     7
       Scroll            |       |     9 |       ||     9
 Stab: Sleeping          |     8 |    10 |    10 ||    28
       Distracted        |       |     1 |       ||     1
  Eat: Chunk             |     2 |     7 |    10 ||    19
       Bread ration      |       |       |     1 ||     1
       Royal jelly       |       |       |     1 ||     1
       Pizza             |       |       |     1 ||     1
       Fruit             |       |       |     2 ||     2
